 Dungeon Crawl Stone Soup version 0.29-a0-207-gf982a884d8 (webtiles) character file.

Game seed: 16843856526978702418

1788 ReploidZero the Skirmisher (level 9, -1/73 HPs)
             Began as a Vine Stalker Fighter on Feb 23, 2022.
             Was a Follower of Ru.
             Slain by Duvessa
             ... wielding a +2 rapier of electrocution
              (9 damage)
             ... on level 6 of the Dungeon.
             The game lasted 00:19:26 (5688 turns).

ReploidZero the Skirmisher (Vine Stalker Fighter)   Turns: 5688, Time: 00:19:27

Health: -1/73      AC: 24    Str: 23    XL:     9   Next: 8%
Magic:  0/10       EV:  2    Int:  8    God:    Ru [*.....]
Gold:   251        SH:  6    Dex: 14    Spells: 8/8 levels left

rFire   . . .      SeeInvis .   d - +5 long sword
rCold   . . .      Faith    .   c - +1 buckler
rNeg    . . .      Spirit   +   (body armour currently unavailable)
rPois   +          Reflect  .   (helmet currently unavailable)
rElec   .          Harm     .   (cloak currently unavailable)
rCorr   .          Rampage  .   (gloves currently unavailable)
Will    +....      NoTele   +   (boots currently unavailable)
Stlth   +.........              n - amulet of magic regeneration
HPRegen 1.02/turn               (no ring)
MPRegen 0.52/turn               (no ring)

@: tree-form
A: stationary, stasis, torment immunity, boosted hp, (fangs 3), regeneration 1,
magic shield, (antimagic bite), no potion heal 2, inability to train armour
a: Renounce Religion


You were on level 6 of the Dungeon.
You worshipped Ru.
Ru was aware of your devotion.
You were a tree.
You visited 2 branches of the dungeon, and saw 7 of its levels.
You also visited: Ossuary.

You collected 251 gold pieces.

Inventory:

Hand Weapons
 a - a +1 spectral long sword
 d - a +5 long sword (weapon)
 j - a +0 dagger of electrocution
Missiles
 y - a throwing net (quivered)
Armour
 b - a +0 scale mail (melded)
 c - a +1 buckler (worn)
 A - a +0 cloak (melded)
Jewellery
 n - an amulet of magic regeneration (around neck)
 B - the amulet of Nuinus {Faith rPois rF+ Will+ Int-4}
   (You found it on level 6 of the Dungeon)

   [amulet of faith]

   It allows you to gain divine favour quickly.
   Int:       It affects your intelligence (-4).
   rF:        It protects you from fire.
   rPois:     It protects you from poison.
   Will:      It increases your willpower.
Wands
 o - a wand of paralysis (8)
 q - a wand of charming (3)
 C - a wand of digging (2)
Scrolls
 s - a scroll of enchant armour
 v - a scroll of fog
 w - a scroll of teleportation
 x - a scroll of amnesia
 D - a scroll of identify
Potions
 e - a potion of lignification
 f - 4 potions of curing
 g - a potion of invisibility
 h - 2 potions of berserk rage {unknown}
 i - a potion of brilliance
 k - a potion of ambrosia {unknown}
 m - a potion of haste
 p - a potion of magic {unknown}
 r - 2 potions of heal wounds {unknown}
 t - 2 potions of resistance {unknown}
 u - 2 potions of mutation {unknown}
 z - a potion of attraction {unknown}


   Skills:
 * Level 6.8 Fighting
 + Level 5.4 Long Blades
   Level 0.0 Armour
 + Level 5.8 Shields


You had 8 spell levels left.
You didn't know any spells.
Your spell library contained the following spells:

 Spells                   Type           Power      Damage    Failure   Level
 Sandblast                Erth           0%         2d4       50%         1
 Shock                    Conj/Air       0%         1d3       50%         1
 Passwall                 Tmut/Erth      0%         N/A       63%         2
 Scorch                   Fire           0%         2d5       63%         2
 Static Discharge         Conj/Air       0%         N/A       63%         2
 Stone Arrow              Conj/Erth      0%         3d7       86%         3
 Dispel Undead            Necr           0%         3d6       99%         4
 Flame Wave               Conj/Fire      0%         2d4       99%         4
 Sticky Flame             Conj/Fire      0%         2d3       99%         4
 Summon Cactus Giant      Summ           0%         N/A       100%        6


Dungeon Overview and Level Annotations

Branches:
Dungeon (6/15)             Temple (1/1) D:4         Ossuary (visited)

Altars:
Ashenzari
Dithmenos
Elyvilon
Gozag
Hepliaklqana
Kikubaaqudgha
Makhleb
Okawaru
Qazlal
Ru
Sif Muna
Trog
Vehumet
Xom
Yredelemnul
Zin

Annotations:
D:4 3 runed translucent doors, siradein's ghost, novice TrFi
D:6 Duvessa


Innate Abilities, Weirdness & Mutations

You are a tree.
Your roots penetrate the ground, keeping you stationary.
You cannot be teleported.
You are immune to unholy pain and torment.
Your maximum health is greatly increased.
Your equipment is partially melded.
((You have razor-sharp teeth.))
Your natural rate of healing is unusually fast.
When hurt, damage is shared between your health and your magic reserves.
((Your bite disrupts and absorbs the magic of your enemies.))
Potions cannot restore your health.
You cannot train Armour skill.


Message History

Duvessa hits you with a +2 rapier of electrocution.
You are electrocuted!!
You hit Duvessa.
Duvessa is heavily wounded.
Duvessa hits you but does no damage.
You are electrocuted!
You closely miss Duvessa.
Duvessa is heavily wounded.
Duvessa hits you but does no damage. x2; You are electrocuted!!
* * * LOW HITPOINT WARNING * * *
You barely miss Duvessa.
Duvessa is heavily wounded.
Duvessa hits you with a +2 rapier of electrocution.
* * * LOW HITPOINT WARNING * * *
Duvessa hits you with a +2 rapier of electrocution.
* * * LOW HITPOINT WARNING * * *
Unknown command.
Okay, then.
Unknown command.
Okay, then.
Okay, then.
Unknown command.
Unknown command.
Unknown command.
Hit: d) +5 long sword
Press: ? - help, Dir - move target, f/p - Duvessa
Aim: Duvessa, wielding a +2 rapier of electrocution and wearing a +0 scale mail (heavily wounded, berserk, about 26% to evade your +5 long sword)
Okay, then.
Unknown command.
Unknown command.
Hit: d) +5 long sword
Press: ? - help, Dir - move target, f/p - Duvessa
Aim: Duvessa, wielding a +2 rapier of electrocution and wearing a +0 scale mail (heavily wounded, berserk, about 26% to evade your +5 long sword)
Okay, then.
Unknown command.
Unknown command.
Okay, then.
As you read the scroll of torment, it crumbles to dust.
You feel a surge of unholy energy.
Duvessa convulses!
Duvessa hits you with a +2 rapier of electrocution!
You die...

#.##.#...#.#.#.#..#
#....###..........#
###.##.# #........#.#
..#z##.###.#.###.##[#
#.#z##.....#.# #.#
..#.##.......# #.#
###.........## #z#
..z.........# #e#
####........####♣# #
#.............# #
#.........##### #
#.........### #
#######.....# #
#####.### #
######.......#
#####..........#.#
...............#.###


You could see Duvessa (berserk) and a wight.

Vanquished Creatures
  Menkaure (D:6)
  A sky beast (D:5)
  2 ice beasts (D:5)
  A black bear (D:6)
  An ogre (D:5)
  A bullfrog (D:6)
  A scorpion (D:4)
  2 water moccasin zombies (Ossuary)
  Dowan (D:6)
  4 wights
  A howler monkey (D:6)
  A centaur skeleton (D:5)
  3 jellies
  7 orc wizards
  A bullfrog skeleton (D:6)
  2 iguanas
  A killer bee zombie (D:6)
  2 hound skeletons
  A howler monkey zombie (D:5)
  3 mummies
  10 gnolls
  A howler monkey skeleton (D:6)
  5 adders
  6 adder zombies (Ossuary)
  2 worms
  A dart slug (D:1)
  7 orcs
  6 endoplasms
  3 giant cockroaches
  4 goblins (D:1)
  6 hobgoblins
  7 jackals (D:3)
  3 quokkas
  6 ball pythons
  7 bats
  6 frilled lizards
  8 gnoll zombies (Ossuary)
  4 hobgoblin zombies (Ossuary)
  7 kobolds
  3 kobold zombies (Ossuary)
  4 orc zombies (Ossuary)
  4 rats
147 creatures vanquished.

Notes
Turn   | Place    | Note
-------+----------+-------------------------------------------
     0 | D:1      | ReploidZero the Vine Stalker Fighter began the quest for
                  | the Orb.
     0 | D:1      | Reached XP level 1. HP: 11/11 MP: 2/2
    33 | D:1      | Reached XP level 2. HP: 13/16 MP: 3/3
   420 | D:1      | Found a faded altar of an unknown god.
   470 | D:1      | Reached skill level 3 in Fighting
   600 | D:1      | Reached XP level 3. HP: 20/20 MP: 4/4
   963 | D:1      | HP: 1/20 [frozen (4)]
  1776 | D:2      | HP: 1/20 [gnoll/+0 halberd (4)]
  1778 | D:2      | Gained mutation: Your natural rate of healing is unusually
                  | fast. [Vine Stalker growth]
  1778 | D:2      | Reached XP level 4. HP: 1/24 MP: 1/5
  2582 | D:3      | Found a radiant altar of Vehumet.
  2585 | D:3      | Reached XP level 5. HP: 28/28 MP: 6/6
  2597 | D:3      | Got Vehumet's Compendium of Combat Magic
  2606 | D:3      | Found an ancient bone altar of Kikubaaqudgha.
  2613 | D:3      | Found a shimmering blue altar of Sif Muna.
  2616 | D:3      | Reached XP level 6. HP: 33/33 MP: 7/7
  3065 | D:4      | Found a staircase to the Ecumenical Temple.
  3132 | Temple   | Entered the Ecumenical Temple
  3134 | Temple   | Reached skill level 4 in Fighting
  3406 | Temple   | Became a worshipper of Ru the Awakened
  3491 | D:4      | Found a sand-covered staircase.
  3499 | Ossuary  | Entered an ossuary
  3548 | Ossuary  | Reached XP level 7. HP: 37/37 MP: 8/8
  3805 | D:4      | Noticed siradein's ghost (novice TrFi)
  3811 | D:4      | Found a runed translucent gate.
  3811 | D:4      | Found a runed translucent gate.
  3823 | D:4      | Found a runed translucent gate.
  4072 | D:5      | Entered Level 5 of the Dungeon
  4248 | D:5      | Found a glowing silver altar of Zin.
  4424 | D:5      | Gained mutation: You have razor-sharp teeth. [Vine Stalker
                  | growth]
  4424 | D:5      | Reached XP level 8. HP: 42/42 MP: 9/9
  4474 | D:5      | Gained mutation: You cannot train Armour skill. [Ru
                  | sacrifice]
  4474 | D:5      | Reached * piety under Ru
  4548 | D:5      | Reached skill level 5 in Fighting
  4870 | D:6      | Reached skill level 5 in Shields
  4927 | D:6      | Noticed Menkaure
  4943 | D:6      | Killed Menkaure
  5105 | D:5      | Reached skill level 6 in Fighting
  5105 | D:5      | Reached skill level 5 in Long Blades
  5283 | D:6      | Found a shimmering altar of Xom.
  5365 | D:6      | Reached XP level 9. HP: 49/49 MP: 10/10
  5428 | D:6      | Identified the amulet of Nuinus {Faith rPois rF+ Will+
                  | Int-4}
  5455 | D:6      | Noticed Dowan
  5463 | D:6      | Noticed Duvessa
  5466 | D:6      | Killed Dowan
  5688 | D:6      | Slain by Duvessa

Illustrated notes

Levels and vault maps discovered:
D:1:      lemuel_arrival_room, layout_rooms,
          shapermc_ecumenical_altar_mp_urbaneastern
D:2:      layout_basic
D:3:      layout_loops_cross, palyth_temple_overflow_mages
D:4:      layout_rooms, temple_fountains, gup_ossuary_entry_pyramid,
          gammafunk_ghost_split, minmay_ruptured
D:5:      layout_loops_ring, zin_academy
D:6:      layout_basic, lemuel_tele_altar, serial_glass, glass_columns_c,
          glass_columns_c, uniq_menkaure, uniq_duvessa
Temple:   minmay_temple_curvy_loop

Skill      XL: |  1  2  3  4  5  6  7  8 |
---------------+-------------------------+-----
Long Blades    | 2 3 4 5 |  5.4
Fighting       | 3 4 6 |  6.8
Shields        | 3 4 5 |  5.8
Armour         | 3 4 0 |  0.0

Action                   |  1- 3 |  4- 6 |  7- 9 || total
-------------------------+-------+-------+-------++-------
Melee: Long sword        |    68 |    82 |   158 ||   308
       Bite              |    23 |    29 |    51 ||   103
       Dagger            |    30 |    54 |       ||    84
Throw: Throwing net      |       |       |     2 ||     2
Invok: Sacrifice Durabil |       |       |     1 ||     1
Evoke: Wand              |       |       |     1 ||     1
  Use: Potion            |     1 |       |     4 ||     5
       Scroll            |       |     9 |     7 ||    16
Armor: Scale mail        |    43 |    83 |    53 ||   179
       Skin              |       |       |     4 ||     4
Dodge: Dodged            |    73 |    83 |    64 ||   220
Block: Buckler           |    24 |    36 |    51 ||   111

Table legend: (Time is in decaauts)
 A = Elapsed time spent in this place.
 B = Non-inter-level travel time spent in this place.
 C = Inter-level travel time spent in this place.
 D = Time resting spent in this place.
 E = Time spent auto-exploring this place.
 F = Levels seen in this place.
 G = Mean time per level.
                   A        B        C        D        E       F      G
               +--------+--------+--------+--------+--------+-----+--------+
         Total |   5757 |   5384 |    373 |      0 |   3972 |   8 |  719.6 |
       Dungeon |   5253 |   4912 |    341 |      0 |   3675 |   6 |  875.5 |
        Temple |    308 |    276 |     32 |      0 |    222 |   1 |  308.0 |
       Ossuary |    195 |    195 |      0 |      0 |     75 |   1 |  195.0 |
               +--------+--------+--------+--------+--------+-----+--------+

Top non-repeatable levels by time:
     D:1: 1603 daAuts
     D:5: 947 daAuts
     D:2: 763 daAuts
     D:3: 684 daAuts
     D:6: 628 daAuts
     D:4: 626 daAuts
  Temple: 308 daAuts
 Ossuary: 195 daAuts
